 Dungeon Crawl Stone Soup version 0.30-a0-956-gcec3b41aec (webtiles) character file.

Game seed: 3421537509980605619

78435 billz999 the Frost Mage (level 15, -5/123 HPs)
             Began as a Vampire Ice Elementalist on Mar 29, 2023.
             Was the Champion of Dithmenos.
             Slain by a wolf spider simulacrum (12 damage)
             ... on level 15 of the Dungeon.
             The game lasted 01:04:19 (25935 turns).

billz999 the Frost Mage (Vampire Ice Elementalist) Turns: 25935, Time: 01:04:20

Health: -5/123     AC:  7    Str:  5    XL:     15   Next: 18%
Magic:  28/32      EV: 12    Int: 41    God:    Dithmenos [******]
Gold:   1836       SH:  0    Dex: 19    Spells: 17/40 levels left

rFire   . . .      SeeInvis +    Z - +1 rapier of Noukugiv {heavy, Contam Will+++ Str-2 Dex+5}
rCold   . . .      Faith    .    b - orb {guile}
rNeg    . . .      Spirit   .    f - +0 robe
rPois   .          Reflect  .    m - +1 helmet
rElec   .          Rampage  .    W - +0 cloak
rCorr   .                        (no gloves)
Will    ++...                    a - +1 pair of boots of the Barnacle {Int+3}
Stlth   ++++++++++               T - amulet of magic regeneration
HPRegen 0.60/turn                y - +6 ring of intelligence
MPRegen 0.63/turn                s - +6 ring of intelligence

@: healing quickly, wreathed by umbra
A: alive, fangs 3, see invisible, vampiric 2
a: Exsanguinate, Renounce Religion, Shadow Step, Shadow Form


You were on level 15 of the Dungeon.
You worshipped Dithmenos.
Dithmenos was exalted by your worship.
You visited 3 branches of the dungeon, and saw 22 of its levels.
You also visited: Ice Cave.

You collected 2349 gold pieces.
You spent 513 gold pieces at shops.

Inventory:

Hand Weapons
 D - the +5 flail "Bieh" {venom, rElec rF+ rCorr Str+3}
   (You found it on level 6 of the Dungeon)

   Str:       It affects your strength (+3).
   rF:        It protects you from fire.
   rElec:     It insulates you from electricity.
   rCorr:     It protects you from acid and corrosion.
 H - the +7 falchion of Zuidek {pain, Dex+3}
   (You found it on level 8 of the Dungeon)

   Dex:       It affects your dexterity (+3).
 Z - the +1 rapier of Noukugiv (weapon) {heavy, Contam Will+++ Str-2 Dex+5}
   (You bought it in a shop on level 2 of the Orcish Mines)

   Str:       It affects your strength (-2).
   Dex:       It affects your dexterity (+5).
   Contam:    It causes magical contamination when unequipped.
   Will:      It greatly increases your willpower.
Missiles
 A - 4 throwing nets
Armour
 a - the +1 pair of boots of the Barnacle (worn) {Int+3}
   (You acquired it on level 11 of the Dungeon)

   Int:       It affects your intelligence (+3).
 b - an orb of guile (worn)
 f - a +0 robe (worn)
 m - a +1 helmet (worn)
 q - the +1 ring mail "Jongoiqakh" {rElec}
   (You bought it in a shop on level 2 of the Orcish Mines)

   rElec:     It insulates you from electricity.
 W - a +0 cloak (worn)
Jewellery
 n - a +6 ring of dexterity
 o - a +4 ring of protection
 s - a +6 ring of intelligence (right hand)
 y - a +6 ring of intelligence (left hand)
 z - a +5 ring of evasion
 E - a +5 ring of evasion
 M - the amulet "Jinepuam" {Spirit -Cast Harm rF+++ Dex-4}
   (You found it on level 7 of the Dungeon)

   [amulet of guardian spirit]

   It causes incoming damage to be divided between your reserves of health and
   magic.
   Dex:       It affects your dexterity (-4).
   rF:        It renders you almost immune to fire.
   -Cast:     It prevents spellcasting.
   Harm:      It increases damage dealt and taken.
 O - a ring of fire
 P - a ring of protection from cold
 T - an amulet of magic regeneration (around neck)
 V - a +6 ring of intelligence
 X - a +4 ring of protection
Wands
 d - a wand of charming (2)
 v - a wand of roots (12)
 S - a wand of mindburst (4)
 U - a wand of digging (2)
Scrolls
 c - 16 scrolls of teleportation
 g - 2 scrolls of magic mapping
 h - 5 scrolls of fog
 i - 2 scrolls of silence
 r - 2 scrolls of enchant weapon
 B - 3 scrolls of poison
 C - 3 scrolls of amnesia
 F - 3 scrolls of enchant armour
 G - 3 scrolls of fear
 I - 2 scrolls of torment
 K - 2 scrolls of blinking
 Q - 3 scrolls of vulnerability
 R - a scroll of immolation
Potions
 e - 4 potions of haste
 j - a potion of mutation
 k - 5 potions of berserk rage
 l - 2 potions of magic
 p - 2 potions of might
 t - 2 potions of cancellation
 u - 13 potions of curing
 w - 3 potions of invisibility
 x - 3 potions of attraction
 J - 4 potions of heal wounds
 L - 5 potions of brilliance {unknown}
 N - 4 potions of lignification {unknown}
 Y - 15 potions of ambrosia


   Skills:
 - Level 13.0 Fighting
 - Level 6.1 Long Blades
 - Level 2.1 Dodging
 - Level 12.0 Stealth
 - Level 13.3 Spellcasting
 * Level 4.7 Conjurations
 - Level 5.0 Summonings
 - Level 13.4 Ice Magic
 - Level 5.7 Invocations


You had 17 spell levels left.
You knew the following spells:

 Your Spells              Type           Power      Damage    Failure   Level
a - Freeze                Ice            100%       1d10      0%          1
b - Frozen Ramparts       Ice            100%       1d16      0%          3
c - Summon Ice Beast      Ice/Summ       80%        N/A       1%          4
d - Ozocubu's Refrigerat  Ice            47%        4d18      4%          7
e - Mephitic Cloud        Conj/Pois/Air  40%        N/A       1%          3
f - Freezing Cloud        Conj/Ice/Air   33%        6-21      2%          5

Your spell library contained the following spells:

 Spells                   Type           Power      Damage    Failure   Level
 Ozocubu's Armour         Ice            95%        N/A       0%          3
 Apportation              Tloc           54%        N/A       1%          1
 Beastly Appendage        Tmut           54%        N/A       1%          1
 Slow                     Hex            100%       N/A       1%          1
 Cigotuvi's Dreadful Rot  Necr/Pois/Air  54%        N/A       1%          2
 Ensorcelled Hibernation  Hex/Ice        100%       N/A       1%          2
 Poisonous Vapours        Pois/Air       54%        N/A       1%          2
 Searing Ray              Conj           100%       2d8       1%          2
 Wereblood                Tmut           27%        N/A       1%          2
 Hailstorm                Conj/Ice       80%        3d16      1%          3
 Confusing Touch          Hex            27%        N/A       3%          3
 Ignite Poison            Fire/Tmut/Pois 27%        N/A       3%          3
 Kindle Blastsparks       Fire/Tloc/Air  54%        2d14      3%          3
 Spider Form              Tmut/Pois      27%        N/A       3%          3
 Vampiric Draining        Necr           27%        2d7       3%          3
 Manifold Assault         Tloc           27%        N/A       12%         4
 Alistair's Intoxication  Tmut/Pois      18%        N/A       32%         5
 Iron Shot                Conj/Erth      23%        9d5       56%         6
 Spellforged Servitor     Conj/Summ      30%        N/A       80%         7
 Dispersal                Tloc           13%        N/A       88%         6
 Disjunction              Tloc           13%        N/A       100%        8


Dungeon Overview and Level Annotations

Branches:
Dungeon (15/15)            Temple (0/1) D:6            Lair (5/5) D:8
 Shoals (0/4) Lair:3       Spider (0/4) Lair:3        Slime (0/5) Lair:5
    Orc (2/2) D:11            Elf (0/3) Orc:2         IceCv (visited)
 Vaults: D:13-14     Depths: D:15

Altars:
Ashenzari
Cheibriados
Dithmenos
Gozag
Makhleb
Okawaru
Sif Muna
Trog
Yredelemnul
Jiyva

Shops:
D:6 (   D:7 (   D:11 *   D:12 !   Orc:2 !!([

Annotations:
D:6 3 runed translucent doors, mandoloar's ghost, novice DgFi
D:11 4 runed translucent doors


Innate Abilities, Weirdness & Mutations

Your natural rate of healing is accelerated.
You have razor-sharp teeth.
You have supernaturally acute eyesight. (SInv)
You are afflicted with vampirism and can become a bat while bloodless.


Message History

The wolf spider simulacrum barely misses your ice beast.
The wolf spider simulacrum bites your ice beast but does no damage.
The wolf spider simulacrum hits your ice beast!
The wolf spider simulacrum freezes your ice beast.
Your ice beast completely resists.
The wolf spider simulacrum bites your ice beast.
The wolf spider simulacrum freezes your ice beast.
Your ice beast completely resists.
Your ice beast hits the wolf spider simulacrum.
Your ice beast freezes the wolf spider simulacrum.
The wolf spider simulacrum completely resists.
The wolf spider simulacrum hits your ice beast!
The wolf spider simulacrum freezes your ice beast.
Your ice beast completely resists.
The wolf spider simulacrum bites your ice beast.
The wolf spider simulacrum freezes your ice beast.
Your ice beast completely resists.
Your ice beast hits the wolf spider simulacrum.
Your ice beast freezes the wolf spider simulacrum.
The wolf spider simulacrum completely resists.
The wolf spider simulacrum hits you.
The wolf spider simulacrum freezes you!!
The wolf spider simulacrum bites you! The wolf spider simulacrum freezes you!
Your ice beast hits the wolf spider simulacrum.
Your ice beast freezes the wolf spider simulacrum.
The wolf spider simulacrum completely resists.
You puncture the wolf spider simulacrum!
The wolf spider simulacrum is severely damaged.
The wolf spider simulacrum hits you!
The wolf spider simulacrum freezes you!!
* * * LOW HITPOINT WARNING * * *
The wolf spider simulacrum bites you.
* * * LOW HITPOINT WARNING * * *
The wolf spider simulacrum freezes you!
* * * LOW HITPOINT WARNING * * *
The wolf spider simulacrum barely misses you.
The wolf spider simulacrum bites you.
* * * LOW HITPOINT WARNING * * *
The wolf spider simulacrum freezes you!
You die...

.# #####......## ##########.
.######..)..###### ##........#.
...............#####Q##.######.#.
##############.##....##.# #.#.
#.##.# #.# #.#. #..#)#####.# #.#.
##.#.......# #.#. #####.Y#####..#
#.## +.....@Z§.....# #...
#######.§§§#.## #### ###§§§#
###§# #.. #..


You could see a wolf spider simulacrum (ally target) and a friendly ice beast
(summoned).

Vanquished Creatures
  Rupert (D:12)
  Nessos (Lair:4)
  A fire dragon (D:15)
  Erolcha (D:9)
  2 hydras
  2 centaur warriors
  A death yak (Lair:5)
  2 two-headed ogres
  A boulder beetle (D:12)
  A tengu warrior (D:15)
  2 orc high priests (Orc:2)
  Sonja (Lair:2)
  4 skysharks
  A pharaoh ant (Lair:3)
  8 skeletal warriors (D:13)
  5 orc knights
  5 orc sorcerers (Orc:2)
  6 ugly things (D:14)
  2 manticores
  An oklob plant (Lair:4)
  22 elephants
  A merfolk siren (Lair:3)
  A cane toad (shapeshifter) (D:15)
  A black mamba (Lair:5)
  9 cane toads
  An unseen horror (D:10)
  2 rime drakes
  A komodo dragon (shapeshifter) (D:13)
  An efreet (D:14)
  7 komodo dragons
  2 trolls (shapeshifter)
  A yaktaur (D:14)
  5 trolls
  3 meliai (D:12)
  2 polar bears
  A queen bee (D:12)
  A tarantella (Lair:3)
  5 hornets
  5 dream sheep (Lair:5)
  3 blink frogs (Lair:4)
  A shadow (D:11)
  2 jumping spiders (Lair:3)
  A culicivora (shapeshifter) (D:14)
  12 spriggans
  12 slime creatures
  31 yaks
  3 hogs (Lair:4)
  A wraith (D:13)
  3 basilisks
  2 wyverns
  A steam dragon (Lair:3)
  4 wargs
  5 vampire mosquitoes
  4 acid dragons
  13 water moccasins
  An ice beast (D:5)
  5 black bears
  17 orc warriors
  4 ogres
  4 boggarts (Lair:5)
  8 centaurs
  33 wolves
  A kobold brigand (D:10)
  8 bullfrogs
  4 scorpions
  6 wights
  22 killer bees (D:12)
  3 howler monkeys (D:11)
  6 electric eels
  2 lava snakes (D:9)
  2 hounds
  A jelly (D:5)
  3 gnoll boudas
  8 orc priests
  Jessica (D:3)
  3 iguanas
  6 hell rats (Lair:5)
  19 orc wizards
  Robin (D:1)
  7 adders
  18 gnolls
  2 white imps
  2 worms (D:4)
  4 dart slugs
  47 orcs
  5 endoplasms
  2 giant cockroaches
  10 hobgoblins
  18 jackals
  3 quokkas
  6 ball pythons
  5 bats
  5 frilled lizards
  11 goblins
  40 kobolds
  10 rats
  4 bushes
584 creatures vanquished.

Vanquished Creatures (collateral kills)
  Kirke (Lair:4)
  A two-headed ogre (D:11)
  An orc high priest (Orc:2)
  An orc sorcerer (Orc:2)
  8 elephants
  A black mamba (Lair:2)
  A cane toad (Lair:2)
  A komodo dragon (Lair:1)
  2 polar bears (Lair:5)
  A troll (D:11)
  Prince Ribbit (D:8)
  A hog (Lair:4)
  2 wraiths
  9 yaks
  2 spriggans (Lair:5)
  A wyvern (D:8)
  A vampire mosquito (D:10)
  An acid dragon (D:10)
  A black bear (D:6)
  A sky beast (D:8)
  4 wolves (Lair:4)
  2 kobold brigands
  A gnoll sergeant (D:5)
  A scorpion (D:5)
  2 bullfrogs
  6 wights
  2 jellies
  An orc priest (D:5)
  A gnoll bouda (D:6)
  A sleepcap (D:8)
  An iguana (D:5)
  2 orc wizards (D:9)
  11 gnolls
  An adder (D:6)
  5 orcs
  2 kobolds (D:4)
81 creatures vanquished.

Vanquished Creatures (others)
  A human (Lair:4)
  76 fungi
  125 plants
202 creatures vanquished.

Grand Total: 867 creatures vanquished

Notes
Turn   | Place    | Note
-------+----------+-------------------------------------------
     0 | D:1      | billz999 the Vampire Ice Elementalist began the quest for
                  | the Orb.
     0 | D:1      | Reached XP level 1. HP: 13/13 MP: 3/3
   169 | D:1      | Reached XP level 2. HP: 19/19 MP: 0/5
   811 | D:2      | Gained mutation: You are afflicted with vampirism and can
                  | become a bat while bloodless. [Vampire growth]
   811 | D:2      | Reached XP level 3. HP: 24/24 MP: 4/7
  1046 | D:2      | Found a faded altar of an unknown god.
  1612 | D:2      | Reached skill level 5 in Stealth
  1673 | D:2      | Noticed Robin
  1684 | D:1      | Killed Robin
  1685 | D:1      | Reached XP level 4. HP: 15/30 MP: 4/8
  1779 | D:2      | Learned a level 3 spell: Frozen Ramparts
  2161 | D:3      | Found a bloodstained altar of Trog.
  2540 | D:3      | Found a snail-covered altar of Cheibriados.
  2653 | D:3      | Reached XP level 5. HP: 33/35 MP: 3/9
  2743 | D:3      | Noticed Jessica
  2752 | D:3      | Killed Jessica
  2753 | D:3      | Reached skill level 5 in Ice Magic
  3053 | D:3      | Learned a level 4 spell: Summon Ice Beast
  3122 | D:4      | Reached skill level 1 in Summonings
  3326 | D:4      | Found a broken altar of Ashenzari.
  3350 | D:4      | Found a shadowy altar of Dithmenos.
  3387 | D:4      | Reached XP level 6. HP: 41/41 MP: 6/10
  3412 | D:4      | Became a worshipper of Dithmenos the Shadowed
  3873 | D:4      | Reached * piety under Dithmenos
  3992 | D:5      | Entered Level 5 of the Dungeon
  4066 | D:5      | Reached XP level 7. HP: 46/46 MP: 3/11
  4253 | D:5      | Reached skill level 5 in Summonings
  4368 | D:5      | Found an opulent altar of Gozag.
  4626 | D:5      | Reached skill level 5 in Spellcasting
  4754 | D:5      | Reached XP level 8. HP: 52/52 MP: 8/16
  5235 | D:6      | Identified the +5 flail "Bieh" {venom, rElec rF+ rCorr
                  | Str+3}
  5362 | D:6      | Found a staircase to the Ecumenical Temple.
  5382 | D:6      | Reached ** piety under Dithmenos
  5438 | D:6      | Found Adamarici's Weapon Boutique.
  5612 | D:6      | Noticed mandoloar's ghost (novice DgFi)
  5818 | D:5      | Reached skill level 1 in Fighting
  6125 | D:6      | Found a runed translucent gate.
  6125 | D:6      | Found a runed translucent gate.
  6125 | D:6      | Found a runed translucent gate.
  6508 | D:7      | Reached XP level 9. HP: 28/64 MP: 14/21
  6788 | D:7      | Found Qutatz Tiupn's Weapon Emporium.
  7102 | D:7      | Reached *** piety under Dithmenos
  7120 | D:7      | Reached skill level 5 in Fighting
  7189 | D:7      | Learned a level 7 spell: Ozocubu's Refrigeration
  7234 | D:7      | Identified the amulet "Jinepuam" {Spirit -Cast Harm rF+++
                  | Dex-4}
  7436 | D:8      | Noticed Prince Ribbit
  7436 | D:8      | Found a staircase to the Lair.
  7442 | D:8      | Killed Prince Ribbit
  7545 | D:8      | Learned a level 3 spell: Mephitic Cloud
  8008 | D:8      | Reached XP level 10. HP: 69/74 MP: 13/22
  8357 | D:8      | Identified the +7 falchion of Zuidek {pain, Dex+3}
  8425 | D:8      | Found a shimmering blue altar of Sif Muna.
  8522 | D:8      | Found an iron altar of Okawaru.
  9088 | D:9      | Noticed Erolcha
  9103 | D:9      | Killed Erolcha
  9104 | D:9      | Reached skill level 10 in Ice Magic
  9745 | D:9      | Found a basalt altar of Yredelemnul.
  9776 | D:9      | You fall into a shaft and drop 3 floors!
  9783 | D:12     | Found Aploutat's Distillery.
  9922 | D:10     | Entered Level 10 of the Dungeon
  9932 | D:10     | Reached **** piety under Dithmenos
  9972 | D:10     | Found a burning altar of Makhleb.
 10765 | D:10     | Reached XP level 11. HP: 61/79 MP: 16/24
 10928 | D:10     | Reached skill level 10 in Spellcasting
 11240 | D:11     | Found a runed translucent door.
 11252 | D:11     | Found a runed translucent door.
 11267 | D:11     | Found a runed translucent door.
 11352 | D:11     | Found Toukhi's Assorted Antiques.
 11376 | D:11     | Identified a scroll of acquirement
 11377 | D:11     | Acquired the +1 pair of boots of the Barnacle {Int+3}
 11567 | D:11     | Found a runed translucent door.
 11623 | D:11     | Noticed a two-headed ogre
 11632 | D:11     | Killed a two-headed ogre
 11660 | D:11     | Found a staircase to the Orcish Mines.
 11970 | D:12     | Reached ***** piety under Dithmenos
 12525 | D:12     | Noticed a two-headed ogre
 12527 | D:12     | Killed a two-headed ogre
 12583 | D:12     | Noticed a boulder beetle
 12591 | D:12     | Killed a boulder beetle
 12722 | D:12     | Noticed Rupert
 12800 | Lair:1   | Entered Level 1 of the Lair of Beasts
 13236 | Lair:1   | Reached XP level 12. HP: 86/86 MP: 12/28
 13314 | Lair:1   | Identified the staff of earth "Pythrus" {rPois Dex+5
                  | Stlth+}
 13736 | Lair:1   | You fall into a shaft and drop 1 floor!
 14762 | Lair:2   | Noticed Sonja
 14765 | Lair:2   | Killed Sonja
 15287 | Lair:3   | Found a staircase to the Shoals.
 15364 | Lair:3   | Reached skill level 10 in Fighting
 15579 | Lair:3   | Found a hole to the Spider Nest.
 15976 | Lair:4   | Noticed a seven-headed hydra
 15980 | Lair:4   | Reached XP level 13. HP: 103/103 MP: 7/29
 16099 | Lair:4   | Noticed Kirke
 16101 | Lair:4   | Reached skill level 10 in Stealth
 16104 | Lair:4   | Killed Kirke
 16460 | Lair:4   | Noticed Nessos
 16464 | Lair:4   | Killed Nessos
 17350 | Lair:5   | Entered Level 5 of the Lair of Beasts
 17969 | Lair:5   | Reached ****** piety under Dithmenos
 18214 | Lair:5   | Found a staircase to the Slime Pits.
 18463 | Lair:5   | Reached XP level 14. HP: 115/115 MP: 22/30
 18929 | Lair:5   | Paralysed by a hornet for 2 turns
 19283 | Lair:5   | Found a viscous altar of Jiyva.
 19741 | Lair:5   | Got Zarheduo's Papyrus of Congealing Conjuration
 20215 | Orc:1    | Entered Level 1 of the Orcish Mines
 20221 | Orc:1    | Reached skill level 1 in Invocations
 20411 | Orc:1    | Reached skill level 1 in Long Blades
 20484 | Orc:2    | Entered Level 2 of the Orcish Mines
 21698 | Orc:2    | Found a staircase to the Elven Halls.
 22042 | Orc:2    | Found Ymuasaki's Antique Armour Emporium.
 22042 | Orc:2    | Found Temumot's Distillery.
 22044 | Orc:2    | Found Etuosy's Antique Weapon Emporium.
 22044 | Orc:2    | Found Qoatippa's Distillery.
 22050 | Orc:2    | Bought a steaming ring mail for 252 gold pieces
 22050 | Orc:2    | Identified the +1 ring mail "Jongoiqakh" {rElec} (You
                  | bought it in a shop on level 2 of the Orcish Mines)
 22053 | Orc:2    | Bought an ichor-stained rapier for 261 gold pieces
 22053 | Orc:2    | Identified the +1 rapier of Noukugiv {heavy, Contam Will+++
                  | Str-2 Dex+5} (You bought it in a shop on level 2 of the
                  | Orcish Mines)
 22433 | D:12     | Killed Rupert
 22434 | D:12     | Reached skill level 5 in Long Blades
 23029 | D:13     | Reached skill level 5 in Invocations
 23652 | D:13     | Found a frozen archway.
 23662 | IceCv    | Entered an ice cave
 23798 | D:13     | Reached skill level 1 in Conjurations
 24694 | D:14     | Identified the +3 ring mail "Ysieneig" {Rampage rF- Str+5}
 24788 | D:14     | Reached XP level 15. HP: 123/123 MP: 18/32
 24979 | D:14     | Learned a level 5 spell: Freezing Cloud
 25402 | D:15     | Entered Level 15 of the Dungeon
 25935 | D:15     | Slain by a wolf spider simulacrum

Illustrated notes

Levels and vault maps discovered:
D:1:      dpeg_arrival_refuge, layout_rooms, minmay_fountain_box
D:2:      layout_basic, shapermc_ecumenical_altar_mp_highgroup, uniq_robin
D:3:      layout_loops_ring, mainiacjoe_overflow_boulevard,
          mainiacjoe_overflow_chevrons, uniq_jessica
D:4:      kennysheep_kobold_camp, layout_rooms, nicolae_overflow_hidden_temple,
          mainiacjoe_overflow_brackets, serial_glass, glass_columns_a,
          glass_columns_a
D:5:      layout_basic, mainiacjoe_overflow_small_starburst, elyvilon_altar_3,
          grunt_tough_drop
D:6:      layout_basic, minmay_temple_entry_wispy, gammafunk_ghost_icy,
          serial_shops, shop
D:7:      layout_gridville, serial_shops, nicolae_shop_bloodbath_and_beyond,
          roderic_serpentine_path
D:8:      layout_rooms, hellmonk_okawaru_the_only_friend_you_need,
          kennysheep_orc_sif_temple, lair_entry_dummy, minivault_11,
          dk_rats_in_the_wall, uniq_prince_ribbit1
D:9:      layout_irregular_city, lemuel_round_altar, glass_columns_b,
          kennysheep_flooded_box, uniq_erolcha
D:10:     layout_roguey, bloody_makhleb, serial_bayou_crossing
D:11:     layout_roguey, orc_0_dummy, serial_shops, nicolae_diamond_shop,
          minmay_statue_crystal_thing
D:12:     layout_basic, special_room [special_room_bee], serial_shops,
          nicolae_take_the_stairs, uniq_rupert
D:13:     layout_layer_cave, portal_ice_cave_entry_pillars_1
D:14:     layout_cave_pods, david_vaults_4, chequers_serial_rivers_small_a
D:15:     grunt_enter_depths_magical_seal, layout_basic, nicolae_water_bricks
Lair:1:   layout_cave_pods, serial_bayou_lagoon_a,
          chequers_serial_rivers_small_b, infiniplex_staircase_pool_2,
          grunt_megastairs_4
Lair:2:   layout_gridlike, nicolae_quartered_pool_medium, lemuel_fruit_tree,
          grunt_megastairs_3, serial_bayou_shore_b, uniq_sonja
Lair:3:   layout_roguey, minmay_shoals_entry_lonely_mermaid,
          nicolae_spider_entry_lesser_pyramids
Lair:4:   layout_gridlike, grunt_megastairs_2, uniq_nessos, uniq_kirke
Lair:5:   minmay_lair_end_enchanted_forest, layout_layer_cave, slime_entry_1,
          chequers_serial_rivers_micro_c, infiniplex_staircase_pool
Orc:1:    layout_caves, nicolae_orc_tapped_out
Orc:2:    grunt_orc_tribal_feast, layout_caves

Skill      XL: |  1  2  3  4  5  6  7  8  9 10 11 12 13 14 15 |
---------------+----------------------------------------------+-----
Stealth        | 4 5 6 8 12 | 12.0
Spellcasting   | 3 5 8 9 12 13 | 13.3
Ice Magic      | 5 9 12 13 | 13.4
Summonings     | 2 4 5 |  5.0
Fighting       | 3 5 10 12 13 | 13.0
Invocations    | 5 |  5.7
Long Blades    | 6 |  6.1
Conjurations   | 2 4 |  4.7
Dodging        | |  2.1

Action                     |  1- 3 |  4- 6 |  7- 9 | 10-12 | 13-15 || total
---------------------------+-------+-------+-------+-------+-------++-------
  Melee: Unarmed           |    32 |       |       |       |       ||    32
         Bite              |     3 |     5 |     5 |    13 |    17 ||    43
         Dagger            |    25 |     4 |       |       |       ||    29
         Quarterstaff      |       |    12 |       |       |       ||    12
         Club              |       |    20 |    90 |    42 |       ||   152
         Sling             |       |     1 |       |       |       ||     1
         Flail             |       |       |     3 |    17 |    53 ||    73
         Punch             |       |       |     1 |     2 |       ||     3
         Rapier            |       |       |       |       |    17 ||    17
         Falchion          |       |       |       |       |     9 ||     9
   Fire: Sling             |       |   102 |    65 |       |       ||   167
   Cast: Freeze            |    54 |    39 |    36 |    88 |    13 ||   230
         Frozen Ramparts   |       |    15 |    26 |    47 |     7 ||    95
         Summon Ice Beast  |       |     2 |    30 |    37 |    26 ||    95
         Mephitic Cloud    |       |       |     2 |     5 |     6 ||    13
         Ozocubu's Refrige |       |       |       |    80 |   284 ||   364
         Freezing Cloud    |       |       |       |       |     7 ||     7
  Evoke: Wand              |       |       |     3 |       |    13 ||    16
    Use: Scroll            |       |     6 |     7 |     8 |     7 ||    28
         Potion            |       |     1 |       |       |     1 ||     2
   Stab: Sleeping          |     7 |     3 |     3 |     1 |     1 ||    15
         Distracted        |       |       |     1 |       |     2 ||     3
 Armour: Robe              |    18 |    30 |    12 |    36 |    50 ||   146
  Dodge: Dodged            |    59 |    59 |   113 |   118 |    86 ||   435

Table legend: (Time is in decaauts)
 A = Elapsed time spent in this place.
 B = Non-inter-level travel time spent in this place.
 C = Inter-level travel time spent in this place.
 D = Time resting spent in this place.
 E = Time spent auto-exploring this place.
 F = Levels seen in this place.
 G = Mean time per level.
                   A        B        C        D        E       F      G
               +--------+--------+--------+--------+--------+-----+--------+
         Total |  26157 |  24888 |   1269 |   4462 |  16500 |  23 | 1137.3 |
       Dungeon |  16663 |  15739 |    924 |   1801 |  11259 |  15 | 1110.9 |
          Lair |   7410 |   7161 |    249 |   1979 |   4225 |   5 | 1482.0 |
  Orcish Mines |   2080 |   1984 |     96 |    682 |   1015 |   2 | 1040.0 |
      Ice Cave |      2 |      2 |      0 |      0 |      0 |   1 |    2.0 |
               +--------+--------+--------+--------+--------+-----+--------+

Top non-repeatable levels by time:
  Lair:5: 2483 daAuts
    D:12: 1702 daAuts
    D:13: 1662 daAuts
   Orc:2: 1557 daAuts
  Lair:4: 1532 daAuts
     D:5: 1441 daAuts
     D:9: 1402 daAuts
     D:2: 1302 daAuts
  Lair:3: 1294 daAuts
  Lair:1: 1197 daAuts
     D:7: 1145 daAuts
     D:6: 1127 daAuts
     D:8: 1109 daAuts
     D:3: 1056 daAuts
     D:1: 932 daAuts
